 Dungeon Crawl Stone Soup version 0.22-a0-456-g11ed031617 (webtiles) character file.

109 HANFGEIST the Insei (level 4, -6/28 HPs)
             Began as an Octopode Transmuter on June 7, 2018.
             Was an Initiate of Makhleb.
             Mangled by an ogre
             ... wielding a +0 giant club
              (15 damage)
             ... on level 4 of the Dungeon.
             The game lasted 00:04:37 (2445 turns).

HANFGEIST the Insei (Octopode Transmuter)           Turns: 2445, Time: 00:04:38

Health: -6/28      AC:  2    Str:  9    XL:     4   Next: 89%
Magic:  3/7        EV: 20    Int: 20    God:    Makhleb [......]
Gold:   110        SH:  0    Dex: 18    Spells: 1/7 levels left

rFire    . . .     SeeInvis .     - Unarmed
rCold    . . .     Gourm    .   (shield currently unavailable)
rNeg     . . .     Faith    .   (helmet currently unavailable)
rPois    x         Spirit   .   (no amulet)
rElec    .         Reflect  .   f - +5 ring of intelligence
rCorr    .         Harm     .   (no ring)
MR       .....                  (no ring)
Stlth    ++........             (no ring)
HPRegen  0.09/turn              (no ring)
MPRegen  0.10/turn              (no ring)
                                (no ring)
                                (no ring)

@: spider-form (expiring)
A: tiny, almost no armour, stealthy swim, (amphibious), 8 rings, (constrict 8)
a: End Transformation, Renounce Religion


You were on level 4 of the Dungeon.
You worshipped Makhleb.
Makhleb was noncommittal.
You were very hungry.
You were a venomous arachnid creature.
You visited 1 branch of the dungeon, and saw 3 of its levels.

You collected 110 gold pieces.

Inventory:

Missiles
 a - 40 arrows
 n - 4 tomahawks (quivered)
Jewellery
 f - a +5 ring of intelligence (left front leg)
Wands
 m - a wand of flame (17)
Scrolls
 d - 6 scrolls of identify {unknown}
 h - a scroll of teleportation
 i - a scroll of fog {unknown}
 j - a scroll of random uselessness {unknown}
 k - 2 scrolls of remove curse {unknown}
 o - a scroll of amnesia {unknown}
Potions
 b - a potion of brilliance
 e - a potion of heal wounds
 g - a potion of curing
 l - a potion of magic {unknown}
Comestibles
 c - 4 rations


   Skills:
 + Level 1.4 Fighting
 * Level 2.7 Dodging
 - Level 0.6 Stealth
 + Level 3.8 Unarmed Combat
 - Level 2.0 Spellcasting
 * Level 3.4 Transmutations


You had one spell level left.
You knew the following spells:

 Your Spells              Type           Power        Failure   Level  Hunger
a - Beastly Appendage     Tmut           ###...       12%         1    #......
b - Sticks to Snakes      Tmut           ###.....     17%         2    ##.....
c - Spider Form           Tmut/Pois      #.........   45%         3    ###....

Your spell library contained the following spells:

 Spells                   Type           Power        Failure   Level  Hunger
 Blade Hands              Tmut           ###.......   87%         5    ######.
 Ice Form                 Ice/Tmut       #.......     80%         4    #####..


Dungeon Overview and Level Annotations

Branches:
Dungeon (2/15)

Altars:
Gozag
Makhleb
Xom
Zin

Annotations:
D:4 Grinder


Innate Abilities, Weirdness & Mutations

You cannot wear most types of armour.
You are very stealthy in the water. (Stealth+)
((You are amphibious.))
You can wear up to eight rings at the same time.
((You can use your tentacles to constrict eight enemies at once.))
((Your skin changes colour to match your surroundings (Stealth+).))
((Your rubbery body absorbs attacks. (AC +1, EV +1)))


Message History

24 stones; a leopard gecko corpse; a jackal corpse
Casting: Spider Form (slightly dangerous; 45% risk of failure)
Confirm with . or Enter, or press ? or * to list all spells.
You create a snake!
You now have 40 arrows.
You are feeling very hungry.
You hit the ogre.
The ogre looks as sick as possible!
The ogre is moderately wounded.
The ogre barely misses you.
Your adder bites the ogre.
The ogre looks as sick as possible!
Your adder poisons the ogre!
You bite the ogre!
The ogre looks as sick as possible!
The ogre is severely wounded.
Your transformation is almost over.
Your adder bites the ogre.
The ogre closely misses your adder.
Unknown command.
You hit the ogre but do no damage.
The ogre is almost dead.
Your adder barely misses the ogre.
The ogre hits you with a giant club!
Ouch! That really hurt!
You die...

#... #.##.
#... #.##.
#... . #.##.
#.##+#.
#.##.
#......
#.##.
#.....#
#.##'
#.....#####
#.#..
#......(.#
#.#..
#.....SOs#
#....
####.....#
###..
#.....# #..
####### #..
#..
###########.
#..
#...........
###
#...%.......
#.....$.....


You could see an ogre and a friendly adder.

Vanquished Creatures
  6 adders
  3 dart slugs (D:1)
  2 leopard geckos
  4 bats
  2 giant cockroaches (D:1)
  4 goblins (D:1)
  3 hobgoblins
  9 jackals
  A quokka (D:4)
  A ball python (D:1)
  2 frilled lizards (D:1)
  5 kobolds (D:1)
  2 rats (D:1)
44 creatures vanquished.

Notes
Turn   | Place    | Note
-------+----------+-------------------------------------------
     0 | D:1      | HANFGEIST the Octopode Transmuter began the quest for the Orb.
     0 | D:1      | Reached XP level 1. HP: 13/13 MP: 3/3
   247 | D:1      | Reached XP level 2. HP: 12/18 MP: 3/5
   641 | D:1      | Reached XP level 3. HP: 20/23 MP: 4/6
  1205 | D:2      | Found a shimmering altar of Xom.
  1207 | D:2      | Found a burning altar of Makhleb.
  1222 | D:2      | Became a worshipper of Makhleb the Destroyer
  1304 | D:2      | Learned a level 2 spell: Sticks to Snakes
  1308 | D:2      | Learned a level 3 spell: Spider Form
  1335 | D:2      | Reached XP level 4. HP: 25/28 MP: 7/7
  2055 | D:2      | Found a glowing silver altar of Zin.
  2056 | D:2      | Found an opulent altar of Gozag.
  2068 | D:2      | You fall through a shaft for 2 floors!
  2091 | D:4      | Noticed an ogre
  2346 | D:4      | Noticed Grinder
  2445 | D:4      | Mangled by an ogre

Vault maps used:
D:1:      minmay_arrival_doors, minmay_pentomino_s4
D:2:      grunt_temple_overflow_gold_and_silver, grunt_temple_overflow_open,
          first_ration
D:4:      tgw_sif, uniq_grinder

Skill      XL: |  1  2  3  4 |
---------------+-------------+-----
Transmutations | 3 |  3.4
Fighting       | |  1.4
Dodging        | |  2.7
Stealth        | |  0.6
Unarmed Combat | |  3.8
Spellcasting   | |  2.0

Action                   |  1- 3 |  4- 6 || total
-------------------------+-------+-------++-------
Melee: Unarmed           |    67 |    44 ||   111
       Constrict         |    19 |    10 ||    29
       Kick              |    14 |     9 ||    23
       Tentacles         |     6 |     2 ||     8
       Punch             |     3 |     1 ||     4
 Cast: Beastly Appendage |    23 |     8 ||    31
       Spider Form       |       |     3 ||     3
       Sticks to Snakes  |       |     2 ||     2
Evoke: Wand              |       |     1 ||     1
  Use: Potion            |       |     3 ||     3
       Scroll            |       |     2 ||     2
 Stab: Sleeping          |     7 |     2 ||     9
  Eat: Chunk             |     2 |     3 ||     5
Armor: Skin              |     6 |     5 ||    11
Dodge: Dodged            |    45 |    45 ||    90

Table legend:
 A = Spawn XP
 B = Non-spawn XP
 C = Spawn XP percentage of total XP
 D = Spawn monster count
 E = Non-spawn monster count
 F = Spawn count percentage of total count
 G = Total turns spent on level
                    A         B        C        D         E        F      G
               +---------+---------+-------+---------+---------+-------+---------
         Total |       0 |     156 |   0.0 |       0 |      44 |   0.0 |  2445
               +---------+---------+-------+---------+---------+-------+---------
           D:1 |       0 |      50 |   0.0 |       0 |      26 |   0.0 |  1143
           D:2 |       0 |      79 |   0.0 |       0 |      11 |   0.0 |   925
           D:4 |       0 |      27 |   0.0 |       0 |       7 |   0.0 |   377
               +---------+---------+-------+---------+---------+-------+---------
